 Dungeon Crawl Stone Soup version 0.29-a0-559-g359e09b9d1 (webtiles) character file.

Game seed: 18094633867416224244

11694 dolemite99 the Bludgeoner (level 12, -8/103 (110) HPs)
             Began as a Meteoran Abyssal Knight on June 9, 2022.
             Was a Believer of Lugonu.
             Mangled by a manticore (10 damage)
             ... on level 12 of the Dungeon.
             The game lasted 00:18:46 (7785 turns).

dolemite99 the Bludgeoner (Meteoran Abyssal Knight) Turns: 7785, Time: 00:18:46

HP:   -8/103 (110)  AC: 14    Str: 24    XL:     12   Next: 38%
MP:   17/21         EV:  9    Int: 13    God:    Lugonu [**....]
Gold: 166           SH:  0    Dex: 16    Spells: 11/11 levels left

rFire   . . .      SeeInvis +   a - +4 dire flail
rCold   . . .      Faith    .   (shield currently unavailable)
rNeg    . . .      Spirit   .   v - +0 chain mail
rPois   .          Reflect  .   (no helmet)
rElec   .          Harm     .   (no cloak)
rCorr   .          Rampage  .   (no gloves)
Will    +....                   s - +1 pair of boots
Stlth   ..........              m - amulet of the acrobat
HPRegen 0.27/turn               c - ring of see invisible
MPRegen 0.17/turn               d - +6 ring of strength

@: glowing, studying Maces & Flails, drained
A: sense surroundings 2, otherworldly, glowing, explore regen
a: Renounce Religion, Depart the Abyss, Bend Space


You were on level 12 of the Dungeon.
You worshipped Lugonu.
Lugonu was pleased with you.
You visited 1 branch of the dungeon, and saw 12 of its levels.
You visited the Abyss 1 time.

You collected 391 gold pieces.
You spent 225 gold pieces at shops.

Inventory:

Hand Weapons
 a - a +4 dire flail (weapon)
 b - a +1 flail
 e - the +5 whip "Covant" {venom, Str+3 Int+2}
   (You took it off a kobold on level 3 of the Dungeon)

   It poisons the flesh of those it strikes.
   Str:       It affects your strength (+3).
   Int:       It affects your intelligence (+2).
 o - a +4 hunting sling of freezing
Missiles
 g - 357 stones
 k - 12 silver boomerangs (quivered)
 r - a throwing net
 A - 7 boomerangs
Armour
 s - a +1 pair of boots (worn)
 v - a +0 chain mail (worn)
 C - a +0 scale mail
Magical Staves
 h - a staff of cold
 x - a staff of conjuration
 B - a staff of earth
Jewellery
 c - a ring of see invisible (left hand)
 d - a +6 ring of strength (right hand)
 i - a ring of fire
 m - an amulet of the acrobat (around neck)
 y - an amulet of reflection
 E - the ring "Doliwudo" {rC+ Will+ MP-9 Int+6 Stlth+}
   (You acquired it on level 7 of the Dungeon)

   [ring of intelligence]

   Int:       It affects your intelligence (+6).
   rC:        It protects you from cold.
   MP:        It affects your magic capacity (-9).
   Will:      It increases your willpower.
   Stlth:     It makes you more stealthy.
Scrolls
 f - a scroll of poison
 j - 2 scrolls of fear
 l - a scroll of fog
 n - a scroll of teleportation
 p - 2 scrolls of vulnerability
 D - 3 scrolls of amnesia
Potions
 q - 5 potions of mutation
 t - 2 potions of invisibility {unknown}
 u - a potion of ambrosia
 w - 2 potions of flight
 z - a potion of resistance {unknown}
 F - a potion of haste
 H - a potion of brilliance {unknown}
 J - a potion of degeneration {unknown}


   Skills:
 + Level 11.1 Fighting
 - Level 16.8 Maces & Flails
 + Level 11.8 Armour
 - Level 1.2 Dodging
 - Level 10.8 Invocations


You had 11 spell levels left.
You didn't know any spells.
Your spell library contained the following spells:

 Spells                   Type           Power      Damage    Failure   Level
 Foxfire                  Conj/Fire      0%         2x1d4     83%         1
 Summon Small Mammal      Summ           0%         N/A       83%         1
 Scorch                   Fire           0%         2d5       92%         2
 Static Discharge         Conj/Air       0%         N/A       92%         2
 Call Canine Familiar     Summ           0%         N/A       99%         3
 Conjure Flame            Conj/Fire      0%         6-21      99%         3
 Ignite Poison            Fire/Tmut/Pois 0%         N/A       99%         3
 Inner Flame              Hex/Fire       0%         N/A       99%         3
 Summon Guardian Golem    Hex/Summ       0%         N/A       99%         3
 Dispel Undead            Necr           0%         3d6       100%        4
 Flame Wave               Conj/Fire      0%         2d4       100%        4
 Sticky Flame             Conj/Fire      0%         2d3       100%        4
 Summon Cactus Giant      Summ           0%         N/A       100%        6
 Orb of Destruction       Conj           0%         9d5       100%        7
 Spellforged Servitor     Conj/Summ      0%         N/A       100%        7


Dungeon Overview and Level Annotations

Branches:
Dungeon (12/15)            Temple (0/1) D:4            Lair (0/6) D:10
    Orc (0/2) D:9

Altars:
Okawaru

Shops:
D:7 =   D:9 *((

Annotations:
D:6 2 transporters, 2 runed translucent doors
D:8 Gastronok
D:9 Pikel
D:12 Psyche
Abyss:1 Grum, Maggie


Innate Abilities, Weirdness & Mutations

You passively map the area around you.
You are easily found by Zot.
You glow in the dark.
You regain HP and MP as you explore.


Message History

Found a stone staircase leading up.
The vampire mosquito barely misses you.
You see here a vampire mosquito corpse.
Press: ? - help, Shift-Dir - straight line, f - manticore
Aim: a manticore (chance to affect: 73%)
The manticore struggles to resist.
You can no longer banish your foes.
The vampire mosquito bites you.
* * * LOW HITPOINT WARNING * * *
The vampire mosquito draws strength from your injuries!
The manticore closely misses you.
The manticore claws you but does no damage.
The manticore barely misses you.
The vampire mosquito bites you but does no damage.
You sock the manticore!
The manticore is lightly wounded.
The vampire mosquito bites you!
* * * LOW HITPOINT WARNING * * *
The vampire mosquito draws strength from your injuries!
The manticore bites you.
* * * LOW HITPOINT WARNING * * *
The manticore claws you but does no damage.
The manticore closely misses you.
You hit the manticore.
The manticore is lightly wounded.
The vampire mosquito bites you but does no damage.
You barely miss the manticore.
The manticore is lightly wounded.
The vampire mosquito bites you but does no damage.
The manticore bites you!!
* * * LOW HITPOINT WARNING * * *
The manticore claws you but does no damage.
The manticore closely misses you.
You bludgeon the manticore!!
The manticore is severely wounded.
The vampire mosquito barely misses you.
You thump the manticore!
The manticore is almost dead.
The vampire mosquito bites you but does no damage.
The manticore bites you!
You die...

, * , ,* ,
* * ,,,
#..< ,...#
** * ##...
...# , *
#.... *...#
,
#....##...#
, *
#.........#
*
#.......!.#
**
#.....>...#
#.....@...#
#....†yH..#
#.........#
#.........#
#.........#
#.......?.#
#.........#
#.........#
#....=../.#


You could see a manticore and a vampire mosquito.

Vanquished Creatures
  Fannar (D:10)
  A hydra (D:11)
  A deep elf pyromancer (D:12)
  Joseph (D:7)
  2 gargoyles
  An unseen horror (D:10)
  A yaktaur (D:12)
  2 trolls (D:10)
  A hornet (D:9)
  A wyvern (D:8)
  4 yaks
  A wraith (D:9)
  2 vampire mosquitoes (D:12)
  3 water moccasins (D:7)
  A black bear (D:4)
  2 ice beasts
  An ogre (D:4)
  2 centaurs
  6 wolves
  3 lemures (D:10)
  3 bullfrogs
  A necrophage (D:8)
  A gnoll sergeant (D:10)
  2 scorpions (D:5)
  15 wights
  9 killer bees
  A jelly (D:5)
  4 orc priests
  6 hounds
  6 orc wizards
  3 iguanas
  4 gnolls (D:10)
  6 adders
  2 ufetubi (D:7)
  26 orcs
  2 endoplasms (D:3)
  7 giant cockroaches
  7 goblins
  11 hobgoblins
  11 jackals
  12 kobolds
  A quokka (D:1)
  7 ball pythons
  4 bats
  A frilled lizard (D:1)
  8 rats
197 creatures vanquished.

Vanquished Creatures (others)
  8 plants (D:12)
8 creatures vanquished.

Grand Total: 205 creatures vanquished

Notes
Turn   | Place    | Note
-------+----------+-------------------------------------------
     0 | Abyss:1  | dolemite99 the Meteoran Abyssal Knight began the quest for
                  | the Orb.
     0 | Abyss:1  | Reached XP level 1. HP: 19/19 MP: 3/3
     1 | Abyss:1  | Found a corrupted altar of Lugonu.
    18 | D:1      | Escaped the Abyss
    67 | D:1      | Found a faded altar of an unknown god.
    83 | D:1      | Reached skill level 3 in Maces & Flails
    89 | D:1      | Reached XP level 2. HP: 24/26 MP: 4/4
   124 | D:1      | Reached skill level 4 in Maces & Flails
   244 | D:1      | Reached XP level 3. HP: 31/31 MP: 5/5
   367 | D:1      | Reached *** piety under Lugonu
  1075 | D:2      | Glimpsed the power of Zot.
  1077 | D:2      | Identified a scroll of acquirement
  1077 | D:2      | Acquired a manual of Maces & Flails
  1125 | D:2      | Glimpsed the power of Zot.
  1150 | D:3      | Reached skill level 5 in Maces & Flails
  1222 | D:3      | Reached XP level 4. HP: 34/38 MP: 6/6
  1341 | D:3      | Reached skill level 6 in Maces & Flails
  1620 | D:3      | Identified the +5 whip "Covant" {venom, Str+3 Int+2}
  1661 | D:3      | Glimpsed the power of Zot.
  1692 | D:4      | Noticed an ogre
  1700 | D:3      | Reached skill level 7 in Maces & Flails
  1700 | D:3      | Reached XP level 5. HP: 45/45 MP: 7/7
  1752 | D:4      | Noticed a bullfrog
  1757 | D:4      | Killed a bullfrog
  1758 | D:4      | Reached skill level 8 in Maces & Flails
  1846 | D:4      | Reached **** piety under Lugonu
  1847 | D:4      | Reached skill level 9 in Maces & Flails
  1847 | D:4      | Reached XP level 6. HP: 43/51 MP: 7/9
  1876 | D:4      | Reached skill level 10 in Maces & Flails
  1876 | D:4      | Reached XP level 7. HP: 22/57 MP: 9/11
  1905 | D:4      | Reached skill level 11 in Maces & Flails
  1905 | D:4      | Reached skill level 5 in Invocations
  2270 | D:4      | Found a staircase to the Ecumenical Temple.
  2303 | D:4      | Glimpsed the power of Zot.
  2353 | D:4      | Glimpsed the power of Zot.
  2393 | D:4      | Glimpsed the power of Zot.
  2402 | D:5      | Entered Level 5 of the Dungeon
  2442 | D:4      | Reached XP level 8. HP: 41/63 MP: 13/13
  2663 | D:5      | Reached skill level 12 in Maces & Flails
  2925 | D:5      | Glimpsed the power of Zot.
  3372 | D:6      | Found a transporter.
  3529 | D:5      | Glimpsed the power of Zot.
  3535 | D:5      | Reached skill level 13 in Maces & Flails
  3580 | D:6      | Glimpsed the power of Zot.
  3620 | D:6      | Glimpsed the power of Zot.
  3712 | D:7      | Noticed Joseph
  3738 | D:7      | Killed Joseph
  3739 | D:7      | Reached skill level 14 in Maces & Flails
  3739 | D:7      | Gained mutation: You passively map the area around you.
                  | [Meteoran growth]
  3739 | D:7      | Reached XP level 9. HP: 17/70 MP: 16/16
  3868 | D:7      | Reached skill level 15 in Maces & Flails
  3905 | D:7      | Noticed Maggie
  3908 | D:7      | Reached skill level 10 in Invocations
  3918 | D:7      | Banished Maggie
  3919 | D:7      | Reached skill level 16 in Maces & Flails
  3958 | D:7      | Reached XP level 10. HP: 39/77 MP: 11/19
  4149 | D:7      | Acquired the ring "Doliwudo" {rC+ Will+ MP-9 Int+6 Stlth+}
  4169 | D:7      | Found Bucisel's Jewellery Shoppe.
  4225 | D:7      | Bought a ring of see invisible for 225 gold pieces
  4403 | D:6      | Reached skill level 5 in Fighting
  4625 | D:6      | Found a transporter.
  4744 | D:6      | Reached skill level 5 in Armour
  4755 | D:6      | Glimpsed the power of Zot.
  4759 | D:6      | Found a large runed translucent door.
  4760 | D:6      | Found a large runed translucent door.
  4804 | D:7      | Glimpsed the power of Zot.
  4844 | D:8      | Glimpsed the power of Zot.
  4853 | D:8      | Glimpsed the power of Zot.
  4854 | D:8      | Touched by the power of Zot.
  5087 | D:9      | Found a staircase to the Orcish Mines.
  5182 | D:9      | Found Haxira's Antique Weapon Shop.
  5192 | D:9      | Found Wuq Goid's Antique Weapon Emporium.
  5398 | D:8      | Noticed Grum
  5415 | D:8      | Banished Grum
  5442 | D:8      | Reached XP level 11. HP: 38/92 MP: 20/20
  5477 | D:8      | Found an iron altar of Okawaru.
  5478 | D:8      | Noticed Gastronok
  5583 | D:9      | Glimpsed the power of Zot.
  5633 | D:9      | Glimpsed the power of Zot.
  5648 | D:9      | Found Lemaumeh's Assorted Antiques.
  5659 | D:9      | Noticed Pikel
  5673 | D:10     | Entered Level 10 of the Dungeon
  5711 | D:10     | Noticed Fannar
  5728 | D:10     | Killed Fannar
  5806 | D:9      | Paralysed by a hornet for 3 turns
  6190 | D:10     | Glimpsed the power of Zot.
  6235 | D:10     | Glimpsed the power of Zot.
  6277 | D:10     | Glimpsed the power of Zot.
  6286 | D:10     | Glimpsed the power of Zot.
  6287 | D:10     | Touched by the power of Zot.
  6445 | D:11     | Noticed a five-headed hydra
  6453 | D:11     | Killed a five-headed hydra
  6462 | D:11     | Reached skill level 10 in Armour
  6595 | D:11     | Noticed a boulder beetle
  6598 | D:11     | Banished a boulder beetle
  6645 | D:10     | Found a staircase to the Lair.
  6660 | D:10     | Reached skill level 10 in Fighting
  6721 | D:10     | Reached XP level 12. HP: 77/106 MP: 12/21
  6980 | D:10     | Glimpsed the power of Zot.
  7028 | D:11     | Glimpsed the power of Zot.
  7070 | D:11     | Glimpsed the power of Zot.
  7079 | D:11     | Glimpsed the power of Zot.
  7080 | D:11     | Touched by the power of Zot.
  7096 | D:12     | Noticed a two-headed ogre
  7096 | D:12     | Noticed a deep elf pyromancer
  7099 | D:12     | Banished a two-headed ogre
  7111 | D:12     | Killed a deep elf pyromancer
  7245 | D:12     | Noticed a frost giant
  7761 | D:12     | Noticed Psyche
  7783 | D:12     | HP: 1/103 [manticore (19)]
  7785 | D:12     | Mangled by a manticore

Illustrated notes

Levels and vault maps discovered:
D:1:      zaba_arrival_water, layout_rooms, ebering_ecumenical_altar_ruins,
          hangedman_decor_growths, chequers_serial_rivers_small_b,
          chequers_serial_rivers_micro_c, hangedman_abyss_or_decor_lesser_grid
D:2:      layout_basic, uniq_jessica, uniq_crazy_yiuf_cottage
D:3:      layout_basic
D:4:      layout_rooms, minmay_temple_entry_statues, grunt_ministairs_7,
          chequers_serial_rivers_small_3, corexii_shack
D:5:      black_bear_nest_2, layout_basic, old_standard_altar,
          minmay_misc_feat_columns, kennysheep_generic_room_16
D:6:      gammafunk_steamed_eel, layout_loops_cross, jmf_multi_god_temple2,
          gup_sewer_entry_spiral, mumra_transporter_accident, minivault_14
D:7:      layout_cave_pools, serial_shops, shop, minmay_starry_boxes,
          uniq_joseph, uniq_maggie
D:8:      layout_basic, mainiacjoe_overflow_concentric_impassable,
          amcnicky_mini_pool_small, uniq_grum, uniq_maurice, uniq_gastronok
D:9:      lemuel_flame_loot_2, layout_basic, david_orc_2, serial_shops, shop,
          shop, shop, shop, chequers_serial_rivers_room_a, uniq_pikel
D:10:     layout_basic, erik_lair_island, serial_rivers,
          chequers_serial_rivers_micro_b, chequers_serial_rivers_room_a,
          chequers_serial_rivers_room_b, chequers_serial_rivers_large_a,
          chequers_serial_rivers_micro_d, chequers_serial_rivers_large_b,
          serial_shops, nicolae_shop_statue_plus, uniq_fannar
D:11:     layout_gridville, chequers_serial_rivers_small_a
D:12:     nzn_winding_woodlands_three_and_one
          [nzn_winding_woodlands_5x15_sawtooth,
          nzn_winding_woodlands_5x15_default, nzn_winding_woodlands_5x15_pool,
          nzn_winding_woodlands_center_garden], layout_gridville,
          fedhas_altar_1, uniq_nergalle, uniq_sonja, uniq_psyche

Skill      XL: |  1  2  3  4  5  6  7  8  9 10 11 12 |
---------------+-------------------------------------+-----
Maces & Flails | 3 4 5 7 9 10 11 14 16 | 16.8
Invocations    | 4 5 8 10 | 10.8
Armour         | 7 10 11 | 11.8
Fighting       | 7 10 11 | 11.1
Dodging        | |  1.2

Action                   |  1- 3 |  4- 6 |  7- 9 | 10-12 || total
-------------------------+-------+-------+-------+-------++-------
Melee: Mace              |    33 |    67 |       |       ||   100
       Whip              |       |    34 |   140 |       ||   174
       Punch             |       |     1 |     1 |       ||     2
       Flail             |       |       |     9 |     2 ||    11
       Dire flail        |       |       |       |   299 ||   299
 Fire: Hunting sling     |    76 |       |     3 |       ||    79
Throw: Boomerang         |       |       |     3 |    30 ||    33
Invok: Banish            |       |       |     6 |    22 ||    28
Evoke: Wand              |       |       |     2 |       ||     2
  Use: Scroll            |     8 |     1 |     4 |    11 ||    24
       Potion            |       |     2 |     4 |     7 ||    13
Armor: Leather armour    |    15 |       |       |       ||    15
       Ring mail         |     6 |    36 |    21 |       ||    63
       Skin              |       |     9 |    11 |    61 ||    81
       Scale mail        |       |       |       |    79 ||    79
       Chain mail        |       |       |       |    20 ||    20
Dodge: Dodged            |    46 |    54 |    72 |   196 ||   368

Table legend: (Time is in decaauts)
 A = Elapsed time spent in this place.
 B = Non-inter-level travel time spent in this place.
 C = Inter-level travel time spent in this place.
 D = Time resting spent in this place.
 E = Time spent auto-exploring this place.
 F = Levels seen in this place.
 G = Mean time per level.
                   A        B        C        D        E       F      G
               +--------+--------+--------+--------+--------+-----+--------+
         Total |   7710 |   7265 |    445 |   2043 |   3055 |  13 |  593.1 |
       Dungeon |   7692 |   7247 |    445 |   2043 |   3044 |  12 |  641.0 |
         Abyss |     18 |     18 |      0 |      0 |     11 |   1 |   18.0 |
               +--------+--------+--------+--------+--------+-----+--------+

Top non-repeatable levels by time:
    D:10: 786 daAuts
     D:4: 779 daAuts
     D:9: 754 daAuts
     D:3: 748 daAuts
     D:7: 718 daAuts
     D:2: 699 daAuts
     D:6: 698 daAuts
    D:12: 689 daAuts
     D:5: 642 daAuts
     D:1: 469 daAuts
    D:11: 394 daAuts
     D:8: 310 daAuts
 Abyss:1: 18 daAuts
